 Dungeon Crawl Stone Soup version 0.30-a0-618-gd6c86c23d0 (webtiles) character file.

Game seed: 4592025604383889268

84 ders the Trooper (level 4, 0/41 HPs)
             Began as a Minotaur Fighter on Jan 9, 2023.
             Killed from afar by Ijyb (12 damage)
             ... with a puff of flame
             ... on level 3 of the Dungeon.
             The game lasted 00:03:35 (1590 turns).

ders the Trooper (Minotaur Fighter)                 Turns: 1590, Time: 00:03:36

Health: 0/41       AC:  7    Str: 22    XL:     4   Next: 23%
Magic:  3/3        EV:  9    Int:  5    God:
Gold:   141        SH:  4    Dex: 10    Spells: 3/3 levels left

rFire   . . .      SeeInvis .    a - +0 war axe
rCold   . . .      Faith    .    c - +0 buckler
rNeg    . . .      Spirit   .    b - +0 scale mail
rPois   .          Reflect  .    (helmet restricted)
rElec   .          Harm     .    (no cloak)
rCorr   .          Rampage  .    (no gloves)
Will    .....                    (no boots) Stlth
                                 (no amulet)
HPRegen 0.26/turn                (no ring)
MPRegen 0.08/turn                (no ring)

@: mighty
A: horns 2, retaliatory headbutt
a: no special abilities


You were on level 3 of the Dungeon.
You visited 1 branch of the dungeon, and saw 3 of its levels.

You collected 141 gold pieces.

Inventory:

Hand Weapons
 a - a +0 war axe (weapon)
Missiles
 q - 4 throwing nets (quivered)
Armour
 b - a +0 scale mail (worn)
 c - a +0 buckler (worn)
Jewellery
 t - a ring of see invisible
Wands
 r - a wand of charming (10)
Scrolls
 e - a scroll of immolation {unknown}
 g - 6 scrolls of teleportation
 h - 3 scrolls of identify
 i - a scroll of noise {unknown}
 j - a scroll of poison {unknown}
 k - a scroll of magic mapping {unknown}
 m - a scroll of butterflies {unknown}
Potions
 f - a potion of heal wounds {unknown}
 l - a potion of curing {unknown}
 n - a potion of invisibility {unknown}
 o - a potion of brilliance {unknown}
 p - a potion of mutation {unknown}
 s - a potion of lignification {unknown}


   Skills:
 * Level 4.6 Fighting
 * Level 3.7 Axes
 + Level 4.1 Armour
 + Level 4.1 Shields


You had 3 spell levels left.
You didn't know any spells.
Your spell library contained the following spells:

 Spells                   Type           Power      Damage    Failure   Level
 Necrotise                Necr           0%         1d4       87%         1
 Blink                    Tloc           0%         N/A       95%         2
 Cigotuvi's Dreadful Rot  Necr/Pois/Air  0%         N/A       95%         2
 Momentum Strike          Conj/Tloc      0%         3d8       95%         2
 Poisonous Vapours        Pois/Air       0%         N/A       95%         2
 Lesser Beckoning         Tloc           0%         N/A       99%         3
 Mephitic Cloud           Conj/Pois/Air  0%         N/A       99%         3
 Vampiric Draining        Necr           0%         2d6       99%         3
 Agony                    Necr           0%         N/A       100%        5


Dungeon Overview and Level Annotations

Branches:
Dungeon (3/15)

Altars:
Gozag

Shops:
D:2 [=

Annotations:
D:3 Ijyb, Robin


Innate Abilities, Weirdness & Mutations

You have a pair of horns on your head.
You reflexively headbutt those who attack you in melee.


Message History

A frilled lizard comes into view.
A steam dragon comes into view.
A goblin comes into view. It is wielding a +0 club.
The goblin shouts!
The frilled lizard hisses angrily.
You closely miss the frilled lizard. You slash the goblin!
You kill the goblin!
The frilled lizard bites you but does no damage.
Robin roars a battlecry!
The goblins go into a battle-frenzy!
You block the frilled lizard's attack.
You closely miss the frilled lizard. The frilled lizard barely misses you.
Robin throws Ijyb at you!
You closely miss Ijyb. You miss the frilled lizard.
You block the frilled lizard's attack.
Ijyb hits you with a +1 dagger of freezing.
Ijyb freezes you.
You closely miss Ijyb. You miss the frilled lizard.
The frilled lizard closely misses you.
Ijyb zaps a wand.
The puff of flame hits you!
Robin says, "My goblins will feast on your bones."
You hit Ijyb but do no damage. You miss the frilled lizard.
The frilled lizard barely misses you. Ijyb hits you but does no damage.
The frilled lizard completely misses you.
Ijyb hits you with a +1 dagger of freezing.
Ijyb freezes you.
You are too injured to fight recklessly!
You are too injured to fight recklessly!
You are too injured to fight recklessly!
You are too injured to fight recklessly!
You are too injured to fight recklessly!
You are too injured to fight recklessly!
You are too injured to fight recklessly!
You feel very mighty all of a sudden. The frilled lizard bites you.
Ijyb zaps a wand.
The puff of flame hits you.
* * * LOW HITPOINT WARNING * * *
As you read the scroll labelled FUT BUPTEOXUN, it crumbles to dust.
It is a scroll of identify.
g - 6 scrolls of teleportation The frilled lizard bites you but does no damage.
Ijyb zaps a wand.
The puff of flame hits you!
You die... #........ ........ #...... #..... #.gg.
Dgg

#l#######
#@)......
#g.......
#........
#.######+
#.# #.#
#.# ..
####.#
..# .#
#....##.#
.# #


You could see a steam dragon, Ijyb (strong), Robin, 3 goblins and a frilled
lizard.

Vanquished Creatures
  3 gnolls (D:2)
  An adder (D:2)
  A worm (D:2)
  6 bats
  5 endoplasms
  2 giant cockroaches
  A hobgoblin (D:2)
  3 quokkas
  5 ball pythons
  2 frilled lizards
  7 goblins
  4 kobolds (D:2)
  4 rats
44 creatures vanquished.

Notes
Turn   | Place    | Note
-------+----------+-------------------------------------------
     0 | D:1      | ders the Minotaur Fighter began the quest for the Orb.
     0 | D:1      | Reached XP level 1. HP: 19/19 MP: 0/0
   220 | D:1      | Reached XP level 2. HP: 27/27 MP: 1/1
   654 | D:2      | Found Nyrueg's Antique Armour Boutique.
   710 | D:2      | Found Koreh's One-of-a-Kind Rings.
   748 | D:2      | Reached XP level 3. HP: 33/33 MP: 2/2
  1277 | D:2      | Reached XP level 4. HP: 32/41 MP: 3/3
  1522 | D:3      | Found an opulent altar of Gozag.
  1581 | D:3      | Noticed Ijyb
  1581 | D:3      | Noticed Robin
  1582 | D:3      | Noticed a steam dragon
  1590 | D:3      | Killed from afar by Ijyb

Illustrated notes

Levels and vault maps discovered:
D:1:      giann_forest_graveyard, layout_loops_ring
D:2:      layout_loops_cross, serial_shops, nicolae_diamond_shop,
          nicolae_hexahallways, nicolae_shop_unique_rings, glass_columns_c,
          minmay_tetromino_s4
D:3:      layout_basic, marbit_many_paths, mainiacjoe_overflow_cross_hatched,
          nicolae_gozag_seed_capital, basic_ecumenical_altar,
          nicolae_goblin_pals

Skill      XL: |  1  2  3 |
---------------+----------+-----
Fighting       | 4 |  4.6
Axes           | 3 |  3.7
Shields        | 4 |  4.1
Armour         | 4 |  4.1

Action                   |  1- 3 |  4- 6 || total
-------------------------+-------+-------++-------
Melee: War axe           |    93 |     9 ||   102
       Headbutt          |    11 |     1 ||    12
  Use: Scroll            |       |     1 ||     1
       Potion            |       |     1 ||     1
Armor: Scale mail        |    54 |     6 ||    60
Dodge: Dodged            |    44 |     4 ||    48
Block: Buckler           |    23 |     2 ||    25

Table legend: (Time is in decaauts)
 A = Elapsed time spent in this place.
 B = Non-inter-level travel time spent in this place.
 C = Inter-level travel time spent in this place.
 D = Time resting spent in this place.
 E = Time spent auto-exploring this place.
 F = Levels seen in this place.
 G = Mean time per level.
                   A        B        C        D        E       F      G
               +--------+--------+--------+--------+--------+-----+--------+
         Total |   1628 |   1571 |     57 |     57 |   1238 |   3 |  542.7 |
       Dungeon |   1628 |   1571 |     57 |     57 |   1238 |   3 |  542.7 |
               +--------+--------+--------+--------+--------+-----+--------+

Top non-repeatable levels by time:
     D:2: 929 daAuts
     D:1: 629 daAuts
     D:3: 70 daAuts
